 Dungeon Crawl Stone Soup version 0.26.1-11-gd32895ea62 (webtiles) character file.

Game seed: 1945687056558923916

258 Zeld the Twirler (level 6, -7/39 HPs)
             Began as an Octopode Gladiator on May 22, 2021.
             Was an Initiate of Okawaru.
             Mangled by a centaur (8 damage)
             ... on level 4 of the Dungeon.
             The game lasted 00:03:56 (4742 turns).

Zeld the Twirler (Octopode Gladiator)               Turns: 4742, Time: 00:03:57

Health: -7/39      AC:  1    Str: 16    XL:     6   Next: 16%
Magic:  6/6        EV: 14    Int: 10    God:    Okawaru [......]
Gold:   212        SH:  0    Dex: 13    Spells: 5/5 levels left

rFire    . . .     SeeInvis +   a - +0 quarterstaff
rCold    . . .     Faith    .   (shield currently unavailable)
rNeg     . . .     Spirit   .   b - +0 hat
rPois    .         Reflect  .   (no amulet)
rElec    .         Harm     .   e - ring of see invisible
rCorr    .         Rampage  .   (no ring)
Will     .....                  (no ring)
Stlth    ++........             (no ring)
HPRegen  0.13/turn              (no ring)
MPRegen  0.10/turn              (no ring)
                                (no ring)
                                (no ring)

@: no status effects
A: almost no armour, stealthy swim, amphibious, 8 rings, constrict 8, camouflage
1, gelatinous body 1
a: Renounce Religion


You were on level 4 of the Dungeon.
You worshipped Okawaru.
Okawaru was noncommittal.
You visited 1 branch of the dungeon, and saw 4 of its levels.

You collected 212 gold pieces.

Inventory:

Hand Weapons
 a - a +0 quarterstaff (weapon)
Missiles
 c - 3 throwing nets (quivered)
 g - 6 poisoned darts
 n - 6 boomerangs
Armour
 b - a +0 hat (worn)
Jewellery
 e - a ring of see invisible (left tentacle)
Scrolls
 h - 4 scrolls of identify {unknown}
 j - 2 scrolls of amnesia {unknown}
 k - 4 scrolls of remove curse {unknown}
 l - 2 scrolls of fear {unknown}
Potions
 d - a potion of brilliance {unknown}
 f - 2 potions of curing {unknown}
 i - a potion of berserk rage {unknown}
 m - a potion of mutation {unknown}


   Skills:
 - Level 2.0 Fighting
 * Level 6.7 Staves
 - Level 2.0 Throwing
 - Level 3.0 Dodging


You had 5 spell levels left.
You didn't know any spells.
Your spell library was empty.

Dungeon Overview and Level Annotations

Branches:
Dungeon (4/15)
 Temple: D:4-7

Altars:
Nemelex Xobeh
Okawaru

Annotations:
D:2 !orc warrior


Innate Abilities, Weirdness & Mutations

You cannot wear most types of armour.
You are very stealthy in the water. (Stealth+)
You are amphibious.
You can wear up to eight rings at the same time.
You can use your tentacles to constrict eight enemies at once.
Your skin changes colour to match your surroundings (Stealth+).
Your rubbery body absorbs attacks. (AC +1, EV +1)


Message History

You are too injured to fight recklessly!
The centaur shoots an arrow.
The arrow barely misses you.
The centaur unwields a +0 shortbow.
The centaur barely misses you.
You hit the centaur. You squeeze the centaur.
The centaur is moderately wounded.
The centaur hits you. The centaur misses you.
You closely miss the centaur.
The centaur is moderately wounded.
The centaur hits you!
* * * LOW HITPOINT WARNING * * *
An orc wizard comes into view. It is wielding a +0 dagger.
You sock the centaur!
The centaur is almost dead.
The centaur hits you.
* * * LOW HITPOINT WARNING * * *
The centaur barely misses you.
You hit the centaur but do no damage.
The centaur is almost dead.
The centaur hits you!
You die...

....# ....# ..†.# . ....#
.. ..†.# ... .o..# ....
....# ..... ....#
......############# ###o#
.....oc@.((.(()...# #.#
#################.#
#.########.....#.....# #.#
#......o..o....#.###.###.#
#............##..#.#
#....†#
#.#############..#)#
####### #.
.......[..#..#.# #
######.###..#.#
+...........#.#


You could see a centaur and an orc wizard.

Vanquished Creatures
  A jelly (D:3)
  Jessica (D:2)
  2 worker ants
  An orc wizard (D:3)
  3 adders (D:2)
  6 worms
  2 dart slugs
  2 leopard geckos
  9 orcs
  A ball python (D:3)
  6 giant cockroaches
  6 goblins
  8 hobgoblins
  2 jackals (D:4)
  9 kobolds
  2 quokkas (D:3)
  10 bats
  3 frilled lizards
  5 rats
79 creatures vanquished.

Notes
Turn   | Place    | Note
-------+----------+-------------------------------------------
     0 | D:1      | Zeld the Octopode Gladiator began the quest for the Orb.
     0 | D:1      | Reached XP level 1. HP: 14/14 MP: 1/1
   464 | D:1      | Reached XP level 2. HP: 10/19 MP: 2/2
  1112 | D:2      | Reached skill level 4 in Staves
  1325 | D:2      | Noticed Jessica
  1334 | D:2      | Killed Jessica
  1335 | D:2      | Reached XP level 3. HP: 11/24 MP: 3/3
  1700 | D:2      | Reached XP level 4. HP: 29/29 MP: 4/4
  1812 | D:2      | Reached skill level 5 in Staves
  2454 | D:3      | Reached XP level 5. HP: 20/34 MP: 5/5
  2642 | D:3      | Found an iron altar of Okawaru.
  2668 | D:3      | Became a worshipper of Warmaster Okawaru
  3116 | D:3      | Reached skill level 6 in Staves
  3789 | D:3      | Found a sparkling altar of Nemelex Xobeh.
  4132 | D:4      | Reached XP level 6. HP: 22/39 MP: 6/6
  4263 | D:4      | Noticed an orc warrior
  4741 | D:4      | HP: 1/39 [centaur (3)]
  4742 | D:4      | Mangled by a centaur

Illustrated notes

Levels and vault maps discovered:
D:1:      nzn_arrival_settlement, layout_basic
D:2:      layout_basic, uniq_jessica
D:3:      minmay_chambers_of_twos, layout_loops_cross,
          overflow_temple_1_default, hangedman_abyss_or_decor_stabs,
          nemelex_lonely_heart_becter
D:4:      layout_basic, nicolae_overflow_crystal_walls

Skill      XL: |  1  2  3  4  5 |
---------------+----------------+-----
Staves         | 4 5 6 |  6.7
Fighting       | |  2.0
Throwing       | |  2.0
Dodging        | |  3.0

Action                   |  1- 3 |  4- 6 || total
-------------------------+-------+-------++-------
Melee: Quarterstaff      |    44 |   129 ||   173
       Tentacles         |     7 |    27 ||    34
       Constrict         |    10 |    34 ||    44
 Stab: Sleeping          |     5 |     9 ||    14
Armor: Skin              |     4 |     4 ||     8
Dodge: Dodged            |    24 |    75 ||    99
